 Dungeon Crawl Stone Soup version 0.28.0-43-g3370ac3207 (webtiles) character file.

Game seed: 16488066736779068168

6153 pkoi the Martial Artist (level 10, -3/69 HPs)
             Began as a White Draconian Monk on Mar 15, 2022.
             Was a Priest of Hepliaklqana.
             Slain by Harold
             ... wielding a +0 scimitar
              (13 damage)
             ... on level 9 of the Dungeon.
             The game lasted 00:18:36 (10119 turns).

pkoi the Martial Artist (White Draconian Monk)     Turns: 10119, Time: 00:18:37

Health: -3/69      AC: 11    Str: 14    XL:     10   Next: 59%
Magic:  9/15       EV: 12    Int: 14    God:    Hepliaklqana [***...]
Gold:   603        SH:  0    Dex: 14    Spells: 9/16 levels left

rFire   . . .      SeeInvis .     - Unarmed
rCold   + . .      Faith    .   (no shield)
rNeg    . . .      Spirit   .   (armour unavailable)
rPois   .          Reflect  .   m - +2 hat
rElec   .          Harm     .   f - +1 cloak
rCorr   +          Rampage  .   (no gloves)
Will    .....                   (no boots)
Stlth   ++........              z - amulet of regeneration
HPRegen 1.01/turn               v - ring of resist corrosion
MPRegen 0.14/turn               (no ring)

@: marked, freezing walls
A: reduced essence, breathe frost, AC +7, unfitting armour, cold resistance 1,
cold-blooded
a: Breathe Frost, Renounce Religion, Recall Ancestor, Ancestor Identity,
Transference


You were on level 9 of the Dungeon.
You worshipped Hepliaklqana.
Hepliaklqana was most pleased with you.
You visited 2 branches of the dungeon, and saw 10 of its levels.
You also visited: Bailey.

You collected 867 gold pieces.
You spent 264 gold pieces at shops.

Inventory:

Hand Weapons
 d - a +0 dagger of protection
 e - a +1 short sword of freezing
Missiles
 g - 40 poisoned darts (quivered)
 y - 5 throwing nets
Armour
 f - a +1 cloak (worn)
 m - a +2 hat (worn)
Magical Staves
 b - a staff of cold
Jewellery
 k - an amulet of faith
 o - an amulet of magic regeneration
 u - an amulet of reflection
 v - a ring of resist corrosion (left hand)
 z - an amulet of regeneration (around neck)
 D - a ring of fire
Wands
 n - a wand of paralysis (5)
 q - a wand of charming (9)
 B - a wand of iceblast (5)
 F - a wand of polymorph (5)
Scrolls
 s - 2 scrolls of teleportation
 t - 2 scrolls of fear
 x - 2 scrolls of brand weapon
 C - a scroll of fog
 E - a scroll of identify
Potions
 a - 3 potions of invisibility
 c - a potion of flight
 h - a potion of might
 i - 5 potions of lignification {unknown}
 j - 2 potions of ambrosia
 l - 5 potions of curing {unknown}
 p - a potion of attraction
 r - a potion of resistance
 w - 2 potions of degeneration {unknown}
Miscellaneous
 A - a lightning rod (4/4)


   Skills:
 - Level 3.2 Fighting
 - Level 2.6 Dodging
 - Level 1.7 Stealth
 - Level 11.0 Unarmed Combat
 + Level 3.9 Spellcasting
 + Level 5.1 Summonings
 * Level 9.9 Ice Magic
 + Level 2.6 Invocations
 + Level 4.6 Evocations


You had 9 spell levels left.
You knew the following spells:

 Your Spells              Type           Power      Damage    Failure   Level
a - Frozen Ramparts       Ice            60%        1d8       1%          3
b - Summon Ice Beast      Ice/Summ       23%        N/A       9%          4

Your spell library contained the following spells:

 Spells                   Type           Power      Damage    Failure   Level
 Ozocubu's Armour         Ice            30%        N/A       1%          3
 Magic Dart               Conj           8%         1d3       21%         1
 Ice Form                 Ice/Tmut       16%        N/A       26%         4
 Corpse Rot               Necr/Air       4%         N/A       30%         2
 Searing Ray              Conj           4%         2d4       30%         2
 Dispel Undead            Necr           2%         3d7       89%         4
 Fulminant Prism          Conj/Hex       1%         3d6       89%         4
 Ozocubu's Refrigeration  Ice            15%        4d8       95%         7
 Blade Hands              Tmut           1%         N/A       99%         5
 Irradiate                Conj/Tmut      1%         3d14      99%         5
 Death Channel            Necr           1%         N/A       100%        6
 Dragon Form              Tmut           1%         N/A       100%        7


Dungeon Overview and Level Annotations

Branches:
Dungeon (9/15)             Temple (1/1) D:7          Bailey (visited)
   Lair: D:8-11         Orc: D:9-12

Altars:
Ashenzari
Cheibriados
Dithmenos
Elyvilon
Fedhas
Gozag
Hepliaklqana
Kikubaaqudgha
Makhleb
Nemelex Xobeh
Okawaru
Qazlal
Ru
Trog
Uskayaw
Vehumet
Wu Jian
Xom
Zin
The Shining One

Shops:
D:1 !   D:4 *   D:7 (   D:8 :

Annotations:
D:9 Harold


Innate Abilities, Weirdness & Mutations

Your life essence is reduced to manifest your ancestor. (-10% HP)
You can breathe waves of freezing cold which knock back foes.
Your icy white scales are hard. (AC +7)
You cannot fit into any form of body armour.
Your flesh is cold resistant. (rC+)
You are cold-blooded and may be slowed by cold attacks.


Message History

Harold is lightly wounded.
Harold resists.
The wall freezes Harold.
Harold hits you with a +0 scimitar!!
* * * LOW HITPOINT WARNING * * *
Unknown command.
Aiming: Paralyse
Press: ? - help, Shift-Dir - straight line, f - Harold
Aim: Harold, wielding a +0 scimitar and wearing a +2 scale mail of cold resistance (moderately wounded, ally target, chance to affect: 26%) Harold easily resists.
Kammie hits Harold with a +0 dagger of draining.
Harold resists.
The wall freezes Harold.
Harold closely misses you.
Aiming: Paralyse
Press: ? - help, Shift-Dir - straight line, f/p - Harold
Aim: Harold, wielding a +0 scimitar and wearing a +2 scale mail of cold resistance (moderately wounded, ally target, chance to affect: 26%) Harold easily resists.
Kammie hits Harold with a +0 dagger of draining!
Harold completely resists.
The wall freezes Harold but does no damage.
Harold hits you with a +0 scimitar.
* * * LOW HITPOINT WARNING * * *
Aiming: Paralyse
Press: ? - help, Shift-Dir - straight line, f/p - Harold
Aim: Harold, wielding a +0 scimitar and wearing a +2 scale mail of cold resistance (heavily wounded, ally target, chance to affect: 26%) Harold easily resists.
Kammie gestures at Harold while chanting.
Harold resists with almost no effort.
Harold resists.
The wall freezes Harold.
Harold hits you but does no damage.
Aiming: Paralyse
Press: ? - help, Shift-Dir - straight line, f/p - Harold
Aim: Harold, wielding a +0 scimitar and wearing a +2 scale mail of cold resistance (heavily wounded, ally target, chance to affect: 26%) Harold easily resists.
Kammie hits Harold with a +0 dagger of draining!
Kammie drains Harold.
Harold resists.
The wall freezes Harold.
Harold casts a spell at you. A sentinel's mark forms upon you.
Aiming: Paralyse
Press: ? - help, Shift-Dir - straight line, f/p - Harold
Aim: Harold, wielding a +0 scimitar and wearing a +2 scale mail of cold resistance (severely wounded, lightly drained, ally target, chance to affect: 32%) Harold easily resists.
Kammie hits Harold but does no damage.
Harold resists.
The wall freezes Harold.
Harold hits you with a +0 scimitar!
You die...

.# .# ##### .# ....
###+### #.####..#.#
..... #D........#
####.#########)#########
.................Y..[...
#....#....#..###R#####
#.............##@@..#
.........<..#.##.....#
>......<....#.........#
............#..$....>.#
#..........####.......#
########..## ##.....##
#### ....... .......#


You could see the friendly Kammie the hexer, Harold (drained, ally target) and a
friendly ice beast (summoned).

Vanquished Creatures
  A two-headed ogre (D:9)
  A troll (D:9)
  A hornet (D:9)
  A wyvern (D:6)
  Menkaure (D:7)
  2 water moccasins
  A black bear (D:5)
  2 orc warriors
  An ice beast (D:5)
  5 ogres (D:5)
  4 wolves (Bailey)
  A centaur (D:8)
  A phantom (D:5)
  2 kobold brigands
  7 gnoll sergeants
  A wyvern zombie (D:6)
  2 scorpions (D:5)
  A water moccasin skeleton (D:6)
  2 water moccasin zombies
  2 killer bees (D:7)
  4 wights (D:8)
  A howler monkey (D:4)
  A centaur zombie (D:9)
  A bullfrog zombie (D:5)
  5 gnoll shamans
  6 hounds
  An orc priest (D:8)
  2 jellies
  2 bullfrog skeletons
  7 iguanas
  A hell rat (D:9)
  7 orc wizards
  2 killer bee zombies
  A hound skeleton (D:4)
  18 gnolls
  2 howler monkey zombies
  4 adders
  An ufetubus (D:6)
  An adder skeleton (D:4)
  A worm (D:8)
  A dart slug (D:1)
  11 orcs
  4 bats
  4 endoplasms
  2 giant cockroaches (D:3)
  5 goblins
  8 hobgoblins
  4 jackals (D:3)
  13 kobolds
  2 quokkas
  8 ball pythons
  A frilled lizard (D:3)
  7 rats
177 creatures vanquished.

Vanquished Creatures (collateral kills)
  A spriggan (D:7)
  A steam dragon (D:8)
  2 wolves (Bailey)
  A bullfrog (D:8)
  3 gnoll sergeants (Bailey)
  2 killer bees (D:7)
  A wight (D:8)
  2 gnoll shamans (Bailey)
  An orc wizard (D:8)
  A killer bee zombie (D:8)
  3 gnolls (Bailey)
  An orc (D:8)
  A quokka (D:9)
  2 kobolds (D:8)
22 creatures vanquished.

Vanquished Creatures (others)
  5 hexers
5 creatures vanquished.

Grand Total: 204 creatures vanquished

Notes
Turn   | Place    | Note
-------+----------+-------------------------------------------
     0 | D:1      | pkoi the Draconian Monk began the quest for the Orb.
     0 | D:1      | Reached XP level 1. HP: 19/19 MP: 1/1
   187 | D:1      | You fall into a shaft and drop 1 floor!
   188 | D:2      | Found a faded altar of an unknown god.
   398 | D:1      | Reached XP level 2. HP: 7/26 MP: 2/2
   968 | D:1      | Found Bibiwn's Distillery.
  1001 | D:1      | Reached skill level 4 in Unarmed Combat
  1602 | D:2      | Reached XP level 3. HP: 31/31 MP: 3/3
  2123 | D:3      | Found an ornate altar of the Wu Jian Council.
  2326 | D:3      | Reached skill level 5 in Unarmed Combat
  2326 | D:3      | Reached XP level 4. HP: 38/38 MP: 4/4
  2560 | D:3      | Found a sparkling altar of Nemelex Xobeh.
  2793 | D:3      | Reached XP level 5. HP: 44/45 MP: 5/5
  2959 | D:4      | Reached skill level 6 in Unarmed Combat
  3215 | D:4      | Found Anuitz's Elemental Accessories.
  3389 | D:4      | Noticed a water moccasin
  3399 | D:4      | Killed a water moccasin
  3400 | D:4      | Reached skill level 7 in Unarmed Combat
  3400 | D:4      | Reached XP level 6. HP: 44/51 MP: 6/6
  3554 | D:5      | Entered Level 5 of the Dungeon
  3716 | D:5      | Reached skill level 8 in Unarmed Combat
  3716 | D:5      | Your scales start taking on an icy white colour.
  3716 | D:5      | Reached XP level 7. HP: 29/57 MP: 7/7
  3716 | D:5      | Gained mutation: Your flesh is cold resistant. (rC+) [White
                  | Draconian growth]
  3848 | D:5      | Learned a level 3 spell: Frozen Ramparts
  3906 | D:5      | Reached skill level 1 in Spellcasting
  3906 | D:5      | Reached skill level 1 in Ice Magic
  4273 | D:5      | Reached XP level 8. HP: 52/63 MP: 11/11
  4517 | D:5      | Found a white marble altar of Elyvilon.
  4573 | D:5      | Reached skill level 9 in Unarmed Combat
  4770 | D:5      | Reached skill level 5 in Ice Magic
  5646 | D:6      | Reached skill level 10 in Unarmed Combat
  5679 | D:6      | Learned a level 4 spell: Summon Ice Beast
  5701 | D:6      | Reached XP level 9. HP: 70/70 MP: 9/13
  5797 | D:6      | Reached skill level 1 in Summonings
  6597 | D:6      | Identified a scroll of acquirement
  6651 | D:7      | Found Wupajod's Weapon Shoppe.
  6654 | D:7      | Noticed Menkaure
  6661 | D:7      | Acquired a +2 hat
  6683 | D:7      | Killed Menkaure
  7051 | D:7      | Found a staircase to the Ecumenical Temple.
  7203 | Temple   | Entered the Ecumenical Temple
  7429 | Temple   | Became a worshipper of Hepliaklqana the Forgotten
  7429 | Temple   | Reached * piety under Hepliaklqana
  7429 | Temple   | Reached ** piety under Hepliaklqana
  7430 | Temple   | Remembered your ancestor Kammie as a hexer
  7502 | D:7      | Noticed a two-headed ogre
  7502 | D:7      | Noticed a two-headed ogre
  7649 | D:8      | Found a flagged portal.
  7658 | Bailey   | Entered a bailey
  7673 | Bailey   | Reached skill level 1 in Evocations
  8573 | D:8      | Found a burning altar of Makhleb.
  8660 | D:8      | Found Betzyxog's Book Boutique.
  8671 | D:8      | Reached XP level 10. HP: 68/69 MP: 14/14
  8682 | D:8      | Reached skill level 11 in Unarmed Combat
  8686 | D:8      | Bought Ozocubu's Autobiography for 264 gold pieces
  8793 | D:8      | Found a sacrificial altar of Ru.
  8993 | D:8      | Reached skill level 1 in Invocations
  9069 | D:8      | Found an ancient bone altar of Kikubaaqudgha.
  9082 | D:8      | Found a snail-covered altar of Cheibriados.
  9117 | D:8      | Found a radiant altar of Vehumet.
  9801 | D:9      | Noticed a death yak
  9808 | D:9      | Reached *** piety under Hepliaklqana
  9809 | D:9      | Noticed a two-headed ogre
  9825 | D:9      | Killed a two-headed ogre
  9972 | D:9      | Reached skill level 5 in Summonings
 10105 | D:9      | Noticed Harold
 10119 | D:9      | Slain by Harold

Illustrated notes

Levels and vault maps discovered:
D:1:      dpeg_arrival_brainrot, layout_basic, serial_shops,
          nicolae_square_shop, kennysheep_minor_cross, minmay_pentomino_o4
D:2:      layout_loops_corners, hellmonk_ecumenical_altar_run_dry
D:3:      layout_loops_cross, marbit_many_paths, nicolae_wu_jian_wuxing_cycle,
          minmay_guardbox
D:4:      minmay_diamond_boxcup, layout_rooms, nicolae_elemental_shop
D:5:      layout_loops_ring, elyvilon_altar_5
D:6:      layout_cave_pods, grunt_potential
D:7:      layout_basic, minmay_temple_entry_statues, serial_shops,
          nicolae_diamond_shop, roderic_roman_lattice, kennysheep_nub,
          amcnicky_mini_rare_corridor_liquid,
          hellmonk_guarded_unrand_gyre_and_gimble, uniq_menkaure
D:8:      layout_cave_pools, mainiacjoe_overflow_catwalk,
          kiku_gazebo_pond_becter, nicolae_ru_sacrificial_ziggurat,
          mainiacjoe_overflow_alcove_2, slow_altar_2, enter_bailey_2,
          serial_shops, nicolae_shop_crystal, onia_ninara_dug_in_and_dangerous
D:9:      minmay_the_grid_4x2 [minmay_the_grid_dragon_b, minmay_the_grid_tree,
          minmay_the_grid_minigrid_small_alt, minmay_the_grid_plusring,
          minmay_the_grid_broken_lines, minmay_the_grid_armoury,
          minmay_the_grid_rooms, minmay_the_grid_prize_shrinking_boxes],
          layout_rooms, lemuel_zombie_altar_yredelemnul, dpeg_lair_monsters,
          uniq_harold
Temple:   minmay_temple_bridge_abc

Skill      XL: |  1  2  3  4  5  6  7  8  9 10 |
---------------+-------------------------------+-----
Unarmed Combat | 4 5 7 8 10 11 | 11.0
Spellcasting   | 2 3 |  3.9
Ice Magic      | 3 6 8 9 |  9.9
Summonings     | 4 5 |  5.1
Evocations     | 3 4 |  4.6
Invocations    | 2 |  2.6
Fighting       | |  3.2
Dodging        | |  2.6
Stealth        | |  1.7

Action                   |  1- 3 |  4- 6 |  7- 9 | 10-12 || total
-------------------------+-------+-------+-------+-------++-------
Melee: Unarmed           |   143 |   125 |   266 |    92 ||   626
       Tailslap          |    14 |    20 |    44 |    14 ||    92
       Punch             |     4 |     5 |    20 |     5 ||    34
 Cast: Frozen Ramparts   |       |       |    21 |    11 ||    32
       Summon Ice Beast  |       |       |     1 |     8 ||     9
Invok: Ancestor Life: He |       |       |     1 |       ||     1
       Ancestor Identity |       |       |     1 |       ||     1
 Abil: Breathe Frost     |       |       |     3 |       ||     3
Evoke: Wand              |       |       |     1 |     5 ||     6
  Use: Scroll            |     2 |     3 |    10 |     1 ||    16
 Stab: Sleeping          |     5 |     5 |     3 |     1 ||    14
       Distracted        |     1 |       |     1 |     1 ||     3
       Confused          |       |       |     1 |     3 ||     4
Armor: Skin              |    47 |    32 |    83 |    28 ||   190
Dodge: Dodged            |   107 |    77 |   156 |    66 ||   406
